 Dungeon Sprint DCSS version 0.30-a0-737-gf23d94013f (webtiles) character file.

Game seed: 10157532175574097144

422 rocky1 the Impaler (level 6, -4/44 HPs)
             Began as a Merfolk Gladiator on Feb 2, 2023.
             Was an Initiate of Gozag.
             Slain by a flayed ghost (17 damage)
             ... in the Dungeon (Sprint VII: "The Pits").
             The game lasted 00:02:16 (428 turns).

rocky1 the Impaler (Merfolk Gladiator)               Turns: 428, Time: 00:02:17

Health: -4/44      AC: 10    Str: 16    XL:     6   Next: 95%
Magic:  6/6        EV: 11    Int:  8    God:    Gozag
Gold:   1161       SH:  0    Dex: 15    Spells: 5/5 levels left

rFire   . . .      SeeInvis .    h - +0 scythe
rCold   . . .      Faith    .    (shield currently unavailable)
rNeg    . . .      Spirit   .    p - +3 scale mail
rPois   .          Reflect  .    c - +0 helmet
rElec   .          Harm     .    (no cloak)
rCorr   .          Rampage  .    (no gloves)
Will    .....      NoTele   +    (no boots) Stlth
                                 (no amulet)
HPRegen 0.27/turn                (no ring)
MPRegen 0.10/turn                (no ring)

@: flayed, gold aura
A: (nimble swimmer 2), mertail
a: Renounce Religion, Potion Petition, Call Merchant, Bribe Branch


You were in the Dungeon.
You worshipped Gozag.
Gozag was most pleased with you.
You visited 1 branch You collected 1161 gold pieces.

Inventory:

Hand Weapons
 a - a +0 trident
 h - a +0 scythe (weapon)
 o - a +1 heavy trident
Missiles
 d - 3 throwing nets (quivered)
 e - a javelin
 q - a curare-tipped dart
Armour
 b - a +0 leather armour
 c - a +0 helmet (worn)
 p - a +3 scale mail (worn)
Scrolls
 k - a scroll of blinking
 m - 5 scrolls of amnesia
 n - a scroll of butterflies
Potions
 f - 5 potions of curing
 g - 4 potions of heal wounds
 i - 4 potions of magic
 j - 2 potions of berserk rage
 l - 2 potions of invisibility


   Skills:
 - Level 2.1 Fighting
 + Level 18.3 Polearms
 - Level 2.0 Throwing
 - Level 4.0 Dodging


You had 5 spell levels left.
You didn't know any spells.
Your spell library was empty.

Dungeon Overview and Level Annotations

Branches:
Dungeon (1/1)

Altars:
Ashenzari
Cheibriados
Dithmenos
Elyvilon
Fedhas
Gozag
Hepliaklqana
Kikubaaqudgha
Makhleb
Nemelex Xobeh
Okawaru
Qazlal
Ru
Sif Muna
Trog
Uskayaw
Vehumet
Wu Jian
Xom
Yredelemnul
Zin
The Shining One
Jiyva
Lugonu


Innate Abilities, Weirdness & Mutations

((You are very nimble when in or above water. (Stealth+, EV+, Speed+++)))
Your lower body shifts to a powerful aquatic tail in water.


Message History

You hit the flayed ghost.
The flayed ghost is lightly damaged.
The flayed ghost hits you.
You hit the flayed ghost.
The flayed ghost is lightly damaged.
The flayed ghost stares at you with tortured malice.
Terrible wounds open up all over your body!
You hit the flayed ghost.
The flayed ghost is lightly damaged.
You hit the flayed ghost.
The flayed ghost is moderately damaged.
The flayed ghost closely misses you.
You impale the flayed ghost!!
The flayed ghost is heavily damaged.
The flayed ghost hits you!
You impale the flayed ghost!!
The flayed ghost is almost destroyed.
The flayed ghost hits you but does no damage.
You miss the flayed ghost.
The flayed ghost is almost destroyed.
You barely miss the flayed ghost.
The flayed ghost is almost destroyed.
The flayed ghost cries, "Suffer as I suffered!"
Terrible wounds spread across more of your body!
You closely miss the flayed ghost.
The flayed ghost is almost destroyed.
The flayed ghost cries, "Suffer as I suffered!"
Terrible wounds spread across more of your body!
You completely miss the flayed ghost.
The flayed ghost is almost destroyed.
You barely miss the flayed ghost.
The flayed ghost is almost destroyed.
The flayed ghost cries, "Suffer as I suffered!"
Terrible wounds spread across more of your body!
* * * LOW HITPOINT WARNING * * *
You miss the flayed ghost.
The flayed ghost is severely damaged.
The flayed ghost hits you!
You die...
Your body crumbles into a pile of gold.

#)#........##.......#
#)###########.......#
#.......# #########
#..###..# #.......#
##.###.##+#
#.......#.+
#..###..#W#
#.......'@#
###########


You could see a flayed ghost.

Vanquished Creatures
  A floating eye (D)
  A centaur (D)
  A kobold brigand (D)
  2 orc wizards (D)
  An adder (D)
  A white imp (D)
  An ufetubus (D)
  An orc (D)
  A bat skeleton (D)
  A giant cockroach (D)
  A goblin (D)
  3 jackals (D)
  A quokka (D)
  A ball python zombie (D)
  A frilled lizard (D)
  A rat (D)
19 creatures vanquished.

Vanquished Creatures (others)
  Sigmund (D)
1 creature vanquished.

Grand Total: 20 creatures vanquished

Notes
Turn   | Place    | Note
-------+----------+-------------------------------------------
     0 | D        | rocky1 the Merfolk Gladiator began the quest for the Orb.
     0 | D        | Reached XP level 1. HP: 16/16 MP: 1/1
    11 | D        | Noticed a floating eye
    13 | D        | Paralysed by a floating eye for 2 turns
    17 | D        | Killed a floating eye
    18 | D        | Reached skill level 12 in Polearms
    18 | D        | Reached XP level 2. HP: 22/22 MP: 2/2
    18 | D        | Reached XP level 3. HP: 27/27 MP: 3/3
    18 | D        | Reached XP level 4. HP: 33/33 MP: 4/4
    23 | D        | Found a bloodstained altar of Trog.
    23 | D        | Found a shimmering blue altar of Sif Muna.
    23 | D        | Found a viscous altar of Jiyva.
    23 | D        | Found a hazy altar of Hepliaklqana.
    23 | D        | Found an opulent altar of Gozag.
    24 | D        | Found a glowing golden altar of the Shining One.
    24 | D        | Found a glowing silver altar of Zin.
    24 | D        | Found a basalt altar of Yredelemnul.
    24 | D        | Found a shimmering altar of Xom.
    24 | D        | Found an ornate altar of the Wu Jian Council.
    24 | D        | Found a sacrificial altar of Ru.
    24 | D        | Found a stormy altar of Qazlal.
    24 | D        | Found an iron altar of Okawaru.
    24 | D        | Found a sparkling altar of Nemelex Xobeh.
    24 | D        | Found a burning altar of Makhleb.
    24 | D        | Found a blossoming altar of Fedhas.
    24 | D        | Found a white marble altar of Elyvilon.
    24 | D        | Found a shadowy altar of Dithmenos.
    24 | D        | Found a snail-covered altar of Cheibriados.
    27 | D        | Found a corrupted altar of Lugonu.
    27 | D        | Found a radiant altar of Vehumet.
    28 | D        | Found an ancient bone altar of Kikubaaqudgha.
    28 | D        | Found a hide-covered altar of Uskayaw.
    28 | D        | Found a broken altar of Ashenzari.
    31 | D        | Became a worshipper of Gozag Ym Sagoz the Greedy
    99 | D        | Reached XP level 5. HP: 37/38 MP: 5/5
   107 | D        | Reached skill level 13 in Polearms
   178 | D        | Noticed a centaur
   179 | D        | Noticed a kobold brigand
   179 | D        | Noticed Sigmund
   190 | D        | Killed Sigmund
   191 | D        | Reached skill level 16 in Polearms
   191 | D        | Reached XP level 6. HP: 44/44 MP: 6/6
   205 | D        | Reached skill level 17 in Polearms
   208 | D        | HP: 2/44 [white imp/puff of frost (10)]
   216 | D        | Reached skill level 18 in Polearms
   412 | D        | Noticed a flayed ghost
   428 | D        | Slain by a flayed ghost

Illustrated notes

Levels and vault maps discovered:
D:        pitsprint [storerooms_1, entrance_room_1, metal_vault_1, armoury_1,
          mini_pit_1, grid_room_1, main_hall_1, silver_pit, the_coven_3,
          the_vestibule_1, steel_vault_2, golden_pit, hallway_of_sentries,
          crystal_vault_4, iron_vault_1, final_vault]

Skill      XL: |  1  2  3  4  5  6 |
---------------+-------------------+-----
Polearms       | 12 16 18 | 18.3
Fighting       | |  2.1
Throwing       | |  2.0
Dodging        | |  4.0

Action                     |  1- 3 |  4- 6 || total
---------------------------+-------+-------++-------
  Melee: Trident           |     5 |    51 ||    56
         Halberd           |       |    19 ||    19
         Punch             |       |     1 ||     1
    Use: Potion            |       |     5 ||     5
   Stab: Sleeping          |       |     2 ||     2
         Distracted        |       |     2 ||     2
 Armour: Leather armour    |       |     4 ||     4
         Scale mail        |       |    15 ||    15
  Dodge: Dodged            |       |    23 ||    23

Table legend: (Time is in decaauts)
 A = Elapsed time spent in this place.
 B = Non-inter-level travel time spent in this place.
 C = Inter-level travel time spent in this place.
 D = Time resting spent in this place.
 E = Time spent auto-exploring this place.
 F = Levels seen in this place.
 G = Mean time per level.
                   A        B        C        D        E       F      G
               +--------+--------+--------+--------+--------+-----+--------+
         Total |    400 |    380 |     20 |    161 |      0 |   1 |  400.0 |
       Dungeon |    400 |    380 |     20 |    161 |      0 |   1 |  400.0 |
               +--------+--------+--------+--------+--------+-----+--------+

Top non-repeatable levels by time:
       D: 400 daAuts
